Map: Inside and Out

Players

Raza - Winner!

  • Race: Terran Terran
  • Spawn Location: 7:00

TeebuL

  • Race: Protoss Protoss
  • Spawn Location: 1:00

Event: DreamHack SC2 Masters 2022 Atlanta (Online)

VOD

Have the link to the VOD?

Description

Time

  • Played on: Sept. 28, 2022, 4:27 a.m.
  • Length: 9:24

All games in this series

Show
View Real Time Build Order
Export as new Build Order

Raza Terran - Winner!

Build Orders:  

Get SALT Encoding   

  12  0:00  SCV  
  13  0:12  SCV  
  14  0:16  Supply Depot  
  14  0:24  SCV  
  15  0:38  SCV  
  15  0:40  Barracks  
  16  0:44  Refinery  
  16  0:50  SCV  
  16  0:52  Refinery  
  17  1:02  SCV  
  18  1:14  SCV  
  19  1:25  Supply Depot  
  19  1:29  Reaper, Orbital Command  
  20  1:42  Factory  
  20  1:55  SCV  
  20  2:01  Reaper  
  22  2:07  SCV  
  23  2:20  SCV, Command Center  
  24  2:26  Hellion  
  26  2:33  SCV  
  26  2:36  Starport  
  27  2:39  Barracks Reactor  
  27  2:46  Supply Depot  
  27  2:50  Widow Mine  
  29  2:51  SCV  
  30  3:04  Supply Depot, SCV  
  30  3:13  Medivac  
  30  3:16  SCV  
  33  3:26  Widow Mine, Marine x2  
  36  3:28  SCV  
  37  3:40  SCV  
  37  3:44  Marine x2  
  37  3:47  Widow Mine  
  41  3:52  SCV  
  42  4:02  Marine x2  
  44  4:04  SCV  
  46  4:16  SCV  
  45  4:19  Marine  
  45  4:20  Factory Tech Lab, Starport Tech Lab, Marine  
  45  4:28  SCV  
  46  4:37  Marine  
  47  4:39  Siege Tank  
  47  4:40  SCV, Raven  
  47  4:42  Marine  
  54  4:46  Orbital Command  
  54  4:53  SCV  
  54  4:55  Marine  
  54  4:56  Barracks  
  56  5:00  Marine  
  56  5:05  SCV  
  58  5:11  Supply Depot  
  58  5:13  Marine  
  55  5:14  Bunker  
  55  5:16  SCV  
  55  5:19  Siege Tank  
  55  5:20  Marine  
  60  5:23  SCV  
  59  5:29  SCV  
  60  5:35  Barracks  
  60  5:38  Supply Depot, SCV  
  60  5:40  Marine x2  
  63  5:46  Engineering Bay  
  63  5:48  Supply Depot, SCV  
  64  5:50  Refinery  
  64  5:56  SCV  
  65  5:59  Stimpack, Marauder  
  65  6:00  SCV  
  65  6:01  Factory Reactor  
  65  6:03  Marine  
  69  6:07  Supply Depot  
  69  6:08  SCV  
  70  6:12  SCV, Marine  
  70  6:14  Terran Infantry Weapons Level 1  
  72  6:20  SCV  
  72  6:24  Marauder  
  75  6:32  SCV  
  78  6:33  Marauder  
  78  6:35  Combat Shield, Starport Reactor  
  78  6:36  SCV  
  78  6:37  Marine  
  78  6:38  Marine  
  78  6:39  Widow Mine x2  
  85  6:42  Supply Depot, Refinery  
  85  6:45  SCV  
  86  6:49  Marauder  
  86  6:50  SCV  
  89  6:55  Supply Depot  
  89  6:56  Marine x2  
  89  6:59  Marauder  
  93  7:04  Widow Mine x2  
  93  7:05  Supply Depot  
  97  7:12  Medivac  
  97  7:13  Medivac, Marauder  
  102  7:21  Marine x2  
  102  7:22  Marauder  
  106  7:31  Widow Mine  
  106  7:32  Widow Mine  
  106  7:36  SCV  
  111  7:38  Marauder  
  111  7:39  Supply Depot, Missile Turret  
  111  7:41  Concussive Shells, Missile Turret  
  113  7:48  Marine x2  
  115  7:56  Command Center, Marauder  
  117  8:01  Medivac  
  117  8:05  Medivac, Widow Mine  
  123  8:10  Marine  
  123  8:11  Marauder  
  119  8:13  Widow Mine  
  119  8:17  Marauder  
  115  8:29  Widow Mine  
  115  8:33  Marauder, Marine x2  
  117  8:36  Medivac  
  110  8:47  Marine  
  107  8:50  SCV  
  107  8:51  Marine x2  
  107  8:54  Marauder  
  109  8:55  Widow Mine  
  109  8:56  Widow Mine  
  109  8:58  SCV  
  108  9:15  Barracks  
  110  9:18  Barracks  
Show
View Real Time Build Order
Export as new Build Order

TeebuL Protoss 

Build Orders: 1 Gate Expand, Blink Stalkers 

Get SALT Encoding   

  12  0:00  Probe  
  13  0:12  Probe  
  14  0:17  Pylon  
  14  0:24  Probe (Chrono Boost)  
  15  0:36  Probe (Chrono Boost)  
  15  0:37  Gateway  
  16  0:45  Probe (Chrono Boost)  
  16  0:48  Assimilator  
  17  0:50  Probe  
  18  1:03  Probe  
  19  1:06  Gateway  
  19  1:25  Cybernetics Core  
  19  1:39  Nexus  
  19  1:45  Pylon  
  19  1:52  Probe  
  20  2:00  Adept (Chrono Boost)  
  20  2:02  Adept (Chrono Boost)  
  23  2:08  Probe  
  23  2:11  Assimilator  
  24  2:22  Adept  
  24  2:23  Adept  
  24  2:27  Probe  
  29  2:39  Probe  
  29  2:42  Warp Gate  
  30  2:51  Probe  
  30  2:54  Probe (Chrono Boost)  
  32  3:02  Twilight Council  
  34  3:06  Probe (Chrono Boost)  
  34  3:09  Probe (Chrono Boost)  
  34  3:14  Probe (Chrono Boost)  
  34  3:17  Probe (Chrono Boost)  
  34  3:26  Probe (Chrono Boost)  
  32  3:27  Probe (Chrono Boost)  
  32  3:31  Probe (Chrono Boost)  
  32  3:33  Probe (Chrono Boost), Blink (Chrono Boost)  
  31  3:42  Probe  
  31  3:45  Probe  
  33  3:54  Probe  
  32  3:57  Probe  
  33  4:03  Robotics Facility  
  33  4:06  Probe  
  34  4:17  Probe  
  31  4:19  Probe  
  30  4:29  Probe  
  30  4:30  Gateway  
  31  4:31  Stalker x2  
  31  4:33  Gateway  
  31  4:34  Probe  
  36  4:41  Probe  
  36  4:44  Pylon  
  37  4:46  Probe  
  38  4:54  Stalker  
  38  4:55  Stalker  
  38  4:58  Probe  
  38  4:59  Probe  
  43  5:10  Probe  
  43  5:11  Probe  
  45  5:19  Warp Prism (Chrono Boost)  
  47  5:32  Probe (Chrono Boost)  
  49  5:36  Probe (Chrono Boost)  
  50  5:43  Probe (Chrono Boost)  
  50  5:46  Probe (Chrono Boost)  
  50  5:47  Nexus  
  50  5:48  Probe (Chrono Boost)  
  52  5:52  Assimilator  
  52  5:53  Observer  
  52  5:54  Robotics Bay  
  52  5:56  Probe  
  54  6:05  Pylon  
  54  6:06  Pylon  
  54  6:08  Charge  
  54  6:22  Gateway x2  
  54  6:23  Probe x2  
  56  6:35  Probe x2  
  56  6:36  Pylon  
  56  6:38  Disruptor (Chrono Boost)  
  58  6:43  Zealot x4  
  69  6:51  Probe  
  70  6:56  Probe  
  70  6:59  Observer  
  70  7:00  Gateway  
  71  7:01  Pylon  
  71  7:03  Observer, Probe x2  
  71  7:04  Disruptor (Chrono Boost)  
  71  7:06  Observer  
  76  7:17  Zealot x4  
  76  7:18  Probe x2  
  76  7:20  Observer  
  86  7:27  Observer  
  86  7:32  Observer  
  86  7:33  Probe  
  86  7:36  Zealot x2  
  91  7:38  Zealot x3  
  91  7:39  Pylon  
  91  7:40  Pylon  
  100  7:57  Pylon  
  100  7:58  Disruptor (Chrono Boost), Zealot x4, Pylon  
  96  8:13  Stalker x3  
  91  8:30  Stalker x4  
  76  8:36  Zealot x3  
  82  8:46  Disruptor  
  61  8:55  Zealot x4  
  61  9:00  Zealot x3  
Tags
 
Add a new tag
Caveats
  • Supply blocks, unpowered buildings, or Contaminate may cause inaccurate times.
  • Supply counts are checked every 10 seconds.